 Dungeon Crawl Stone Soup version 0.31.0-32-g396128a36d (webtiles) character file.

Game seed: 8120996909198748062

188 hawla the Firebug (level 5, -3/28 HPs)
             Began as a Deep Elf Fire Elementalist on Apr 15, 2024.
             Slain by a sleepcap (8 damage)
             ... on level 3 of the Dungeon.
             The game lasted 00:05:04 (3330 turns).

hawla the Firebug (Deep Elf Fire Elementalist)      Turns: 3330, Time: 00:05:05

Health: -3/28      AC:  2    Str:  5    XL:     5   Next: 39%
Magic:  10/12      EV: 12    Int: 22    God:
Gold:   69         SH:  5    Dex: 15    Spells: 4/11 levels left

rFire   . . .        (no weapon)
rCold   . . .        (no shield)
rNeg    . . .        a - +0 robe
rPois   .            (no helmet)
rElec   .            (no cloak)
rCorr   .            (no gloves)
SInv    .            (no boots)
Will    .....        h - amulet of reflection
Stlth   ++           (no ring)
HPRegen 0.24/turn    (no ring)
MPRegen 0.13/turn

%: reflection
@: no status effects
A: mutation resistance 1
a: no special abilities


You were on level 3 of the Dungeon.
You visited 1 branch of the dungeon, and saw 3 of its levels.

You collected 69 gold pieces.

Inventory:

Armour
 a - a +0 robe (worn)
Jewellery
 h - an amulet of reflection (around neck)
Scrolls
 d - a scroll of enchant armour {unknown}
 e - a scroll of fog
 f - a scroll of blinking
 i - a scroll of teleportation {unknown}
 m - a scroll of poison {unknown}
 n - 4 scrolls of fear {unknown}
Potions
 b - a potion of magic
 j - a potion of mutation
 k - a potion of brilliance
 l - a potion of curing
 o - a potion of degeneration {unknown}
 p - a potion of lignification {unknown}


   Skills:
 - Level 2.4 Dodging
 - Level 2.4 Stealth
 + Level 3.5 Spellcasting
 * Level 2.6 Conjurations
 * Level 6.0 Fire Magic


You had 4 spell levels left.
You knew the following spells:

 Your Spells              Type           Power      Damage    Failure   Level
a - Foxfire               Conj/Fire      92%        2x1d8     1%          1
b - Scorch                Fire           60%        2d7       1%          2
c - Flame Wave            Conj/Fire      23%        2d8       21%         4

Your spell library contained the following spells:

 Spells                   Type           Power      Damage    Failure   Level
 Inner Flame              Hex/Fire       17%        N/A       10%         3
 Volatile Blastmotes      Fire/Tloc      34%        2d12      10%         3
 Manifold Assault         Tloc           3%         N/A       75%         4
 Dispersal                Tloc           1%         N/A       100%        6
 Disjunction              Tloc           1%         N/A       100%        8


Dungeon Overview and Level Annotations

Branches:
Dungeon (3/15)

Altars:
Kikubaaqudgha


Innate Abilities, Weirdness & Mutations

You are somewhat resistant to further mutation.


Message History

n - 4 scrolls labelled KAHIGI ACUVVAA (gained 1)
Found a robe.
Found an ancient bone altar of Kikubaaqudgha.
An orc comes into view. It is wielding a +0 falchion.
An orc is nearby!
Casting: Scorch (safe; 1% risk of failure)
Confirm with . or Enter, or press ? or * to list all spells.
You conjure some foxfire!
Casting: Foxfire (safe; 1% risk of failure)
Confirm with . or Enter, or press ? or * to list all spells.
You conjure some foxfire!
The orc shouts!
The foxfire hits the orc.
The orc is heavily wounded.
The foxfire hits the orc.
You kill the orc!
Your foxfire dissipates!
Your foxfire dissipates!
Things that are here:
a +0 falchion; an orc corpse
Found a stone staircase leading up.
There is a stone staircase leading up here.
Found 2 stones.
You see here 2 stones.
A sleepcap comes into view.
Found a scroll labelled TOVIXE SAERPHI.
A sleepcap is nearby!
The sleepcap releases spores at you.
You are engulfed in a cloud of soporific spores!
You fall asleep.
The sleepcap releases spores at you!!
You wake up.
Ouch! That really hurt!
* * * LOW HITPOINT WARNING * * *
Casting: Foxfire (safe; 1% risk of failure)
Confirm with . or Enter, or press ? or * to list all spells.
Flames lash the sleepcap.
The sleepcap is moderately damaged.
The sleepcap's fire resistance burns away.
The sleepcap releases spores at you!
You die...

#.# #.......#.......#..#
#.#######†##†...#.#......
#.##......#####..###.#..#
#########.##.###### #.##
##.... #........(##.# #.
.#..# #.##########.# #.
..# #.# #.# #.#
####.##########
#.#######.......@f..?.#
#.........##.########.#
############.# #.# #.#
#.# #.# #.#


You could see a sleepcap (combustible).

Vanquished Creatures
  Natasha (thrice) (D:2)
  An orc wizard (D:3)
  2 adders (D:2)
  A ribbon worm (D:3)
  5 dart slugs
  3 orcs (D:3)
  9 endoplasms
  6 goblins
  2 hobgoblins (D:1)
  3 jackals (D:3)
  2 kobolds (D:1)
  2 quokkas
  5 ball pythons
  3 bats
  4 frilled lizards
  6 rats
57 creatures vanquished.

Vanquished Creatures (others)
  146 foxfires
146 creatures vanquished.

Grand Total: 203 creatures vanquished

Notes
Turn   | Place    | Note
-------+----------+-------------------------------------------
     0 | D:1      | hawla the Deep Elf Fire Elementalist began the quest for
                  | the Orb.
     0 | D:1      | Reached XP level 1. HP: 10/10 MP: 6/6
   220 | D:1      | Reached skill level 4 in Fire Magic
   220 | D:1      | Reached XP level 2. HP: 15/15 MP: 6/8
   223 | D:1      | Learned a level 2 spell: Scorch
  1249 | D:1      | Reached XP level 3. HP: 17/19 MP: 5/9
  1647 | D:2      | Noticed Natasha
  1650 | D:2      | Killed Natasha
  1651 | D:2      | Reached skill level 5 in Fire Magic
  2059 | D:2      | Reached XP level 4. HP: 24/24 MP: 8/10
  2102 | D:2      | Learned a level 4 spell: Flame Wave
  2203 | D:2      | Noticed Natasha
  2206 | D:2      | Killed Natasha
  2461 | D:2      | Noticed Natasha
  2466 | D:2      | Killed Natasha
  2467 | D:2      | Reached XP level 5. HP: 28/28 MP: 6/12
  3017 | D:3      | HP: 1/28 [something (4)]
  3021 | D:3      | Gained mutation: You are somewhat resistant to further
                  | mutation. [potion of mutation]
  3027 | D:3      | Reached skill level 6 in Fire Magic
  3226 | D:3      | Found an ancient bone altar of Kikubaaqudgha.
  3330 | D:3      | Slain by a sleepcap

Illustrated notes

Levels and vault maps discovered:
D:1:      minmay_arrival_pointy, layout_basic, serial_co_window_serial,
          co_window_corner_a, co_window_paths_b, co_window_of_opportunity_a,
          co_window_corner_a, co_window_corner_a, co_window_paths_c,
          co_window_cross_4, co_window_of_opportunity_b
D:2:      layout_loops_corners, uniq_natasha
D:3:      layout_loops_ring, mainiacjoe_overflow_paths

Skill      XL: |  1  2  3  4  5 |
---------------+----------------+-----
Fire Magic     | 4 5 6 |  6.0
Conjurations   | 2 |  2.6
Dodging        | |  2.4
Stealth        | |  2.4
Spellcasting   | |  3.5

Action                     |  1- 3 |  4- 6 || total
---------------------------+-------+-------++-------
  Melee: Unarmed           |     5 |     2 ||     7
   Cast: Foxfire           |    49 |    34 ||    83
         Scorch            |    11 |    14 ||    25
    Use: Potion            |       |     5 ||     5
         Scroll            |       |     2 ||     2
 Armour: Robe              |     6 |    19 ||    25
  Dodge: Dodged            |     8 |     6 ||    14
  Block: Other             |     1 |     2 ||     3
